 Dungeon Crawl Stone Soup version 0.23.2-40-g277498a001 (webtiles) character file.

Game seed: 13353105421108510564

15299 Frank2 the Cleaver (level 11, -6/92 HPs)
             Began as a Demigod Gladiator on Aug 31, 2019.
             Mangled by a spiny frog (16 damage)
             ... on level 1 of the Lair of Beasts.
             The game lasted 00:19:50 (11843 turns).

Frank2 the Cleaver (Demigod Gladiator)             Turns: 11843, Time: 00:19:51

Health: -6/92      AC: 16    Str: 21    XL:     11   Next: 68%
Magic:  0/20       EV: 16    Int: 12    God:
Gold:   881        SH:  0    Dex: 19    Spells: 10/10 levels left

rFire    + . .     SeeInvis .   L - +6 war axe (elec)
rCold    + . .     Gourm    .   (no shield)
rNeg     . . .     Faith    .   e - +1 ring mail
rPois    .         Spirit   +   C - +0 helmet of Hynemyirph {rF+ rC+ Stlth+}
rElec    .         Reflect  .   c - +0 cloak
rCorr    .         Harm     .   (no gloves)
MR       ++...                  s - +0 pair of boots
Stlth    ++........             w - amulet of guardian spirit
HPRegen  0.25/turn              n - +5 ring of protection
MPRegen  0.17/turn              O - ring of protection from magic

@: lethally poisoned (-6 -> -11), about to teleport
A: high mp 1
a: no special abilities


You were on level 1 of the Lair of Beasts.
You were hungry.

You visited 2 branches of the dungeon, and saw 13 of its levels.
You also visited: Ossuary.

You collected 881 gold pieces.

Inventory:

Hand Weapons
 L - a +6 war axe of electrocution (weapon)
Missiles
 d - a throwing net (quivered)
Armour
 c - a +0 cloak (worn)
 e - a +1 ring mail (worn)
 s - a +0 pair of boots (worn)
 C - the +0 helmet of Hynemyirph (worn) {rF+ rC+ Stlth+}
   (You found it on level 6 of the Dungeon)

   It protects you from fire.
   It protects you from cold.
   It makes you more stealthy.
Jewellery
 j - an uncursed ring of positive energy
 n - a +5 ring of protection (left hand)
 w - an amulet of guardian spirit (around neck)
 B - an uncursed ring of protection from cold
 O - a ring of protection from magic (right hand)
Wands
 a - a wand of enslavement (12)
 h - a wand of scattershot (4)
 u - a wand of acid (11)
 D - a wand of paralysis (15)
 F - a wand of digging (6)
 M - a wand of clouds (5)
Scrolls
 g - 4 scrolls of teleportation
 i - 4 scrolls of remove curse
 J - a scroll of immolation
Potions
 b - a potion of agility
 k - 2 potions of might
 m - 5 potions of curing
 o - 3 potions of haste
 q - 4 potions of flight
 r - a potion of resistance
 t - a potion of berserk rage
 v - 2 potions of invisibility {unknown}
 z - 2 potions of ambrosia
 A - a potion of lignification {unknown}
 H - 2 potions of mutation {unknown}
Comestibles
 f - 20 rations


   Skills:
 + Level 7.1 Fighting
 + Level 12.2 Axes
 - Level 1.7 Throwing
 + Level 6.2 Armour
 + Level 6.3 Dodging
 * Level 7.5 Evocations


You had 10 spell levels left.
You didn't know any spells.
Your spell library contained the following spells:

 Spells                   Type           Power        Failure   Level  Hunger
 Animate Skeleton         Necr           N/A          45%         1    ##.....
 Apportation              Tloc           #.....       45%         1    ##.....
 Confusing Touch          Hex            #.....       45%         1    ##.....
 Flame Tongue             Conj/Fire      #....        45%         1    ##.....
 Summon Small Mammal      Summ           #...         45%         1    ##.....
 Throw Flame              Conj/Fire      #.....       61%         2    ###....
 Conjure Flame            Conj/Fire      #.......     83%         3    ####...
 Inner Flame              Hex/Fire       #.......     83%         3    ####...
 Sticky Flame             Conj/Fire      #.......     99%         4    #####..
 Fireball                 Conj/Fire      #.........   100%        5    ######.


Dungeon Overview and Level Annotations

Branches:
Dungeon (12/15)            Temple (0/1) D:6            Lair (1/6) D:11
    Orc: D:9-12

Shops:
D:5 (   D:10 [

Annotations:
D:8 3 runed translucent doors, Jabberih's ghost, novice MfIE
Lair:1 Erica


Innate Abilities, Weirdness & Mutations

You have an increased reservoir of magic. (+10% MP)


Message History

* * * LOW HITPOINT WARNING * * *
The spiny frog stings you!
* * * LOW HITPOINT WARNING * * *
The spiny frog stings you but does no damage.
Something hits you but does no damage.
The basilisk bites you but does no damage.
The spiny frog stings you!
* * * LOW HITPOINT WARNING * * *
The spiny frog stings you.
* * * LOW HITPOINT WARNING * * *
The basilisk gazes at you. You resist with almost no effort.
The spiny frog stings you but does no damage.
Something hits you.
* * * LOW HITPOINT WARNING * * *
The spiny frog stings you but does no damage.
You turn to flesh and can move again.
As you read the scroll of teleportation, it crumbles to dust.
You feel strangely unstable.
You feel sick. The spiny frog stings you!!
You die...

#.................# ..
##................#† ..#
#.................#.
...##..................≈
..##.................≈
#.#................≈≈
#.................≈≈
##..F.............≈≈≈
#..F@..............†≈
.......{l...####.#...≈≈≈
...........## ##.....≈≈
..........## #......≈
#........## ###.....
#...###### #..... ..##
###... .P ##..


You could see 2 spiny frogs and a basilisk.

Vanquished Creatures
  A two-headed ogre (D:9)
  An ugly thing (D:11)
  A deep elf mage (D:11)
  A spiny frog (Lair:1)
  2 trolls
  A polar bear (D:10)
  4 slime creatures
  5 hippogriffs
  A centaur simulacrum (D:10)
  Sigmund (D:3)
  A wyvern (D:8)
  A wraith (D:11)
  14 yaks
  2 vampire mosquitoes (D:12)
  3 humans
  2 hungry ghosts
  Edmund (D:6)
  2 water moccasins
  3 porcupines
  4 orc warriors
  2 sky beasts (D:8)
  3 black bears (D:11)
  10 ice beasts
  5 phantoms
  3 ogres
  5 centaurs
  A crocodile (D:11)
  A big kobold (D:8)
  An elf zombie (Ossuary)
  5 bullfrogs
  6 scorpions
  A wyvern skeleton (D:9)
  5 wights
  2 killer bees
  3 electric eels (D:10)
  8 crimson imps
  6 howler monkeys
  2 bullfrog zombies (D:4)
  3 centaur zombies
  A quasit (D:7)
  2 jellies
  6 orc priests
  11 hounds
  Crazy Yiuf (D:2)
  2 human zombies (Ossuary)
  11 orc wizards
  2 bullfrog skeletons
  3 centaur skeletons
  4 iguanas
  7 worker ants
  2 killer bee zombies (D:9)
  2 big kobold zombies (Ossuary)
  A hound zombie (D:6)
  A hound skeleton (D:11)
  2 mummies (Ossuary)
  Robin (D:2)
  6 gnolls
  A worker ant zombie (D:8)
  A howler monkey skeleton (D:6)
  4 river rats (D:5)
  8 adders
  3 shadow imps
  2 white imps (D:10)
  A howler monkey simulacrum (D:10)
  A worker ant simulacrum (D:10)
  An ufetubus (D:10)
  2 oozes
  An adder zombie (D:4)
  A worm (D:2)
  A dart slug (D:2)
  7 leopard geckos
  36 orcs
  5 giant cockroaches
  10 goblins
  7 hobgoblins
  14 jackals
  17 kobolds
  5 quokkas
  2 ball pythons
  9 bats
  8 frilled lizards
  3 goblin zombies
  7 hobgoblin zombies (Ossuary)
  A jackal skeleton (D:4)
  A jackal zombie (D:4)
  11 kobold zombies (Ossuary)
  2 leopard gecko zombies (D:5)
  10 orc zombies (Ossuary)
  7 rats
  A rat zombie (D:8)
  A bush (D:6)
379 creatures vanquished.

Vanquished Creatures (others)
  35 fungi (D:11)
  17 plants (D:11)
52 creatures vanquished.

Grand Total: 431 creatures vanquished

Notes
Turn   | Place    | Note
-------+----------+-------------------------------------------
     0 | D:1      | Frank2 the Demigod Gladiator began the quest for the Orb.
     0 | D:1      | Reached XP level 1. HP: 17/17 MP: 3/3
   201 | D:1      | Reached XP level 2. HP: 21/24 MP: 4/4
   215 | D:1      | Reached skill level 3 in Axes
   583 | D:1      | Reached XP level 3. HP: 29/29 MP: 5/5
   702 | D:2      | Found a basalt altar of Yredelemnul.
   957 | D:2      | Found a faded altar of an unknown god.
  1278 | D:2      | Found a runed translucent door.
  1279 | D:2      | Noticed Crazy Yiuf
  1489 | D:2      | Found a shadowy altar of Dithmenos.
  1590 | D:2      | Noticed Robin
  1597 | D:2      | Reached XP level 4. HP: 36/36 MP: 6/6
  1609 | D:2      | Killed Robin
  1609 | D:2      | Reached skill level 1 in Armour
  1962 | D:2      | Killed Crazy Yiuf
  1962 | D:2      | Reached skill level 4 in Axes
  2331 | D:3      | Noticed Sigmund
  2344 | D:3      | Killed Sigmund
  2344 | D:3      | Reached XP level 5. HP: 31/42 MP: 7/7
  2443 | D:3      | Reached skill level 5 in Axes
  2443 | D:3      | Reached XP level 6. HP: 50/50 MP: 8/8
  2491 | D:3      | Found a stormy altar of Qazlal.
  2616 | D:3      | Found a sparkling altar of Nemelex Xobeh.
  2716 | D:3      | Found a blossoming altar of Fedhas.
  3465 | D:4      | Reached XP level 7. HP: 38/57 MP: 10/10
  3483 | D:4      | Reached skill level 1 in Evocations
  3770 | D:5      | Entered Level 5 of the Dungeon
  3777 | D:5      | Reached skill level 6 in Axes
  4035 | D:5      | Found a shimmering altar of Xom.
  4036 | D:5      | Found a hazy altar of Hepliaklqana.
  4037 | D:5      | Noticed a spectral ugly thing
  4246 | D:5      | Found Bijadyum's Weapon Boutique.
  4305 | D:5      | Reached XP level 8. HP: 66/66 MP: 12/12
  4322 | D:5      | Reached skill level 7 in Axes
  4701 | D:6      | Found a deep blue altar of Sif Muna.
  4887 | D:6      | Found a glowing silver altar of Zin.
  5047 | D:6      | Found a staircase to the Ecumenical Temple.
  5184 | D:6      | Noticed Edmund
  5194 | D:6      | Killed Edmund
  5194 | D:6      | Reached skill level 8 in Axes
  5204 | D:6      | Got a warped helmet
  5216 | D:6      | Identified the +0 helmet of Hynemyirph {rF+ rC+ Stlth+}
                  | (You found it on level 6 of the Dungeon)
  6123 | D:7      | Reached XP level 9. HP: 53/72 MP: 10/15
  6645 | D:8      | Found an iron altar of Okawaru.
  6667 | D:8      | Reached skill level 9 in Axes
  6736 | D:8      | Reached skill level 5 in Dodging
  6938 | D:8      | Reached skill level 5 in Fighting
  6979 | D:8      | Found a runed translucent gate.
  6979 | D:8      | Found a runed translucent gate.
  6979 | D:8      | Found a runed translucent gate.
  6981 | D:8      | Found a viscous altar of Jiyva.
  6981 | D:8      | Noticed Jabberih's ghost (novice MfIE)
  7012 | D:8      | Found a sand-covered staircase.
  7019 | Ossuary  | Entered an ossuary
  7150 | Ossuary  | Reached skill level 5 in Evocations
  7803 | D:9      | Reached XP level 10. HP: 74/81 MP: 15/17
  7930 | D:9      | Reached skill level 10 in Axes
  8056 | D:9      | Reached skill level 5 in Armour
  8117 | D:9      | Found a snail-covered altar of Cheibriados.
  8322 | D:9      | Noticed a two-headed ogre
  8343 | D:9      | Killed a two-headed ogre
  8664 | D:10     | Entered Level 10 of the Dungeon
  8746 | D:10     | Found Moranem's Antique Armour Emporium.
  9855 | D:11     | Reached skill level 11 in Axes
  9907 | D:11     | Reached XP level 11. HP: 47/89 MP: 12/19
 10155 | D:11     | Found a staircase to the Lair.
 11115 | D:11     | Reached skill level 12 in Axes
 11533 | Lair:1   | Entered Level 1 of the Lair of Beasts
 11823 | Lair:1   | Noticed Erica
 11843 | Lair:1   | Mangled by a spiny frog

Skill      XL: |  1  2  3  4  5  6  7  8  9 10 11 |
---------------+----------------------------------+-----
Dodging        | 3 4 5 6 |  6.3
Axes           | 3 4 5 6 8 9 11 12 | 12.2
Fighting       | 2 3 4 5 6 7 |  7.1
Armour         | 2 3 4 5 6 |  6.2
Evocations     | 2 3 5 6 7 |  7.5
Throwing       | |  1.7

Action                   |  1- 3 |  4- 6 |  7- 9 | 10-12 || total
-------------------------+-------+-------+-------+-------++-------
Melee: War axe           |   133 |   174 |   562 |   440 ||  1309
Throw: Throwing net      |       |     1 |     5 |     1 ||     7
Evoke: Wand              |       |       |     1 |     3 ||     4
  Use: Scroll            |       |    14 |     7 |    14 ||    35
       Potion            |       |       |     2 |     4 ||     6
 Stab: Sleeping          |     1 |       |     5 |     2 ||     8
       Held in net/web   |       |     1 |       |     1 ||     2
       Paralysed         |       |       |       |     2 ||     2
       Distracted        |       |       |       |     1 ||     1
  Eat: Chunk             |     2 |     7 |    11 |    14 ||    34
       Ration            |       |       |     1 |       ||     1
Armor: Leather armour    |     4 |       |       |       ||     4
       Ring mail         |    48 |    85 |   237 |   201 ||   571
Dodge: Dodged            |   132 |   170 |   367 |   277 ||   946
